 Dungeon Crawl Stone Soup version 0.32-a0-520-g344ed53f66 (webtiles) character file.

Game seed: 17823316060806109953

1346 ragingrage the Carver (level 8, 0/58 HPs)
             Began as a Merfolk Chaos Knight on Feb 27, 2024.
             Was a Plaything of Xom.
             Shot with an arrow by a centaur (6 damage)
             ... on level 7 of the Dungeon.
             The game lasted 00:08:01 (6176 turns).

ragingrage the Carver (Merfolk Chaos Knight)        Turns: 6176, Time: 00:08:02

Health: 0/58       AC:  9    Str: 13    XL:     8   Next: 62%
Magic:  6/8        EV: 12    Int: 11    God:    Xom [...*..]
Gold:   287        SH:  0    Dex: 15    Spells: 6/7 levels left

rFire   . . .        k - +0 long sword
rCold   . . .        (no shield)
rNeg    + . .        b - +2 leather armour
rPois   .            (helmet restricted)
rElec   .            B - +0 cloak
rCorr   .            (no gloves)
SInv    .            d - +0 pair of boots
Will    +....        (no amulet)
Stlth   ++           i - ring of positive energy
HPRegen 0.29/turn    s - ring of willpower
MPRegen 0.11/turn

%: no passive effects
@: cleaving
A: (nimble swimmer 2), mertail, horns 1, iridescent scales 1
a: Renounce Religion


You were on level 7 of the Dungeon.
You worshipped Xom.
You were a favourite toy of Xom.
You visited 1 branch of the dungeon, and saw 7 of its levels.

You collected 287 gold pieces.

Inventory:

Hand Weapons
 a - a +0 falchion of chaos
 k - a +0 long sword (weapon)
 v - a +3 dagger of speed
Missiles
 l - 5 poisoned darts
 p - 3 javelins
Armour
 b - a +2 leather armour (worn)
 d - a +0 pair of boots (worn)
 B - a +0 cloak (worn)
Jewellery
 i - a ring of positive energy (left hand)
 s - a ring of willpower (right hand)
 z - a ring of poison resistance
Talismans
 n - a beast talisman
Wands
 m - a wand of light (7)
 o - a wand of charming (12)
 y - a wand of warping (8)
Scrolls
 c - 2 scrolls of butterflies
 f - a scroll of brand weapon {unknown}
 g - 2 scrolls of torment
 h - 2 scrolls of vulnerability
 j - 4 scrolls of teleportation
 t - 2 scrolls of fear {unknown}
 u - a scroll of silence {unknown}
 A - a scroll of identify
Potions
 e - 3 potions of degeneration
 q - a potion of attraction {unknown}
 r - 3 potions of enlightenment {unknown}
 w - a potion of berserk rage {unknown}
 x - 3 potions of curing {unknown}


   Skills:
 - Level 3.2 Fighting
 + Level 10.8 Long Blades
 - Level 0.6 Armour
 - Level 2.6 Dodging
 - Level 2.0 Stealth
 - Level 2.0 Conjurations
 + Level 5.7 Alchemy


You had 6 spell levels left.
You knew the following spells:

 Your Spells              Type           Power      Damage    Failure   Level
a - Sting                 Conj/Alch      32%        1d5       10%         1

Your spell library contained the following spells:

 Spells                   Type           Power      Damage    Failure   Level
 Magic Dart               Conj           16%        1d3       21%         1
 Apportation              Tloc           0%         N/A       41%         1
 Freeze                   Ice            0%         1d3       41%         1
 Necrotise                Necr           0%         1d4       41%         1
 Summon Small Mammal      Summ           0%         N/A       41%         1
 Blink                    Tloc           0%         N/A       56%         2
 Call Imp                 Summ           0%         N/A       56%         2
 Ensorcelled Hibernation  Hex/Ice        0%         N/A       56%         2
 Hailstorm                Conj/Ice       2%         3d5       65%         3
 Call Canine Familiar     Summ           0%         N/A       80%         3
 Frozen Ramparts          Ice            0%         1d1       80%         3
 Fugue of the Fallen      Necr           0%         N/A       80%         3
 Gell's Gravitas          Tloc           0%         N/A       80%         3
 Teleport Other           Tloc           0%         N/A       80%         3
 Anguish                  Hex/Necr       0%         N/A       99%         4
 Summon Blazeheart Golem  Fire/Summ      0%         N/A       99%         4
 Dispersal                Tloc           0%         N/A       100%        6


Dungeon Overview and Level Annotations

Branches:
Dungeon (7/15)
 Temple: D:4-7

Altars:
Qazlal
Xom

Shops:
D:2 :

Annotations:
D:3 Terence
D:5 Edmund, Menkaure
D:6 1 runed translucent door
D:7 Joseph


Innate Abilities, Weirdness & Mutations

((You are very nimble when in or above water. (Stealth+, EV+, Speed+++)))
Your lower body shifts to a powerful aquatic tail in water.
You have a pair of small horns on your head.
You are partially covered in iridescent scales. (AC +2)


Message History

The arrow hits you.
Aiming: Sting (safe; 10% risk of failure)
Press: ? - help, Q - select action, (/) - cycle Shift-Dir - straight line, f - centaur
Aim: a centaur, wielding a +0 shortbow (81% to hit)
The sting misses the centaur.
The centaur shoots an arrow.
The arrow closely misses you.
A gnoll comes into view.
It is wielding a +0 flail and carrying a wand of light.
Aiming: Sting (safe; 10% risk of failure)
Press: ? - help, Q - select action, (/) - cycle Shift-Dir - straight line, f/p - centaur
Aim: a centaur, wielding a +0 shortbow (81% to hit)
The sting hits the centaur but does no damage.
The centaur is poisoned.
Xom smiles on you.
Your +0 long sword looks sharp.
The centaur shoots an arrow.
The arrow hits you.
The centaur shoots an arrow.
The arrow hits you.
The centaur shoots an arrow.
The arrow hits you!
The gnoll zaps a wand.
The bolt of light hits you.
You are confused.
The gnoll misses you.
A centaur comes into view.
There is a stone staircase leading up, spattered with blood here.
Unknown command.
Unknown command.
The centaur shoots an arrow.
The arrow barely misses you.
The gnoll zaps a wand.
The bolt of light hits you!
* * * LOW HITPOINT WARNING * * *
Xom is amused.
The gnoll barely misses you.
The centaur shoots an arrow.
The arrow hits you.
* * * LOW HITPOINT WARNING * * *
In your confused state, you trip and fall back down the stairs.
* * * LOW HITPOINT WARNING * * *
Xom thinks this is hilarious!
You feel less confused.
The centaur wields a +0 shortbow.
The centaur shoots an arrow.
The arrow hits you.
You die...
Xom chuckles heartily!

###########
#.........#######
#...............#
#..........#
#..........####
#....)........#
#..........##.#
#.c.....@...# #
....g..g.....#
###...........c...
##.##########.##
#. # #+


You could see 2 centaurs and 2 gnolls.

Vanquished Creatures
  Duvessa (D:5)
  An orc warrior (D:6)
  An ogre (D:4)
  A boggart (D:4)
  4 scorpions
  Dowan (D:5)
  A howler monkey (D:5)
  2 jellies (D:6)
  2 orc priests (D:7)
  A gnoll bouda (D:6)
  5 hounds
  Crazy Yiuf (D:6)
  A sleepcap (D:5)
  3 iguanas
  A gnoll (D:7)
  9 adders
  A white imp (D:6)
  An ufetubus (D:5)
  6 dart slugs
  8 orcs
  2 bats
  7 endoplasms
  2 giant cockroaches (D:1)
  7 goblins
  6 hobgoblins
  4 jackals
  8 quokkas
  6 ball pythons
  5 frilled lizards
  5 kobolds
  2 rats (D:2)
105 creatures vanquished.

Vanquished Creatures (collateral kills)
  A wight (D:7)
1 creature vanquished.

Vanquished Creatures (others)
  A wight (D:7)
  An ufetubus (D:5)
  A ball python zombie (D:3)
3 creatures vanquished.

Grand Total: 109 creatures vanquished

Notes
Turn   | Place    | Note
-------+----------+-------------------------------------------
     0 | D:1      | ragingrage the Merfolk Chaos Knight began the quest for the
                  | Orb.
     0 | D:1      | Reached XP level 1. HP: 18/18 MP: 1/1
   188 | D:1      | XOM: 8-stop teleportation journey
   189 | D:1      | Reached skill level 4 in Long Blades
   193 | D:1      | Reached XP level 2. HP: 23/24 MP: 2/2
   530 | D:1      | Reached skill level 5 in Long Blades
   530 | D:1      | Reached XP level 3. HP: 29/29 MP: 3/3
   540 | D:1      | XOM: god gift: scroll labelled NUEXEE NUGHI {god gift}
  1105 | D:2      | Found Ludgher's Book Shop.
  1111 | D:2      | Reached skill level 1 in Stealth
  1111 | D:2      | Reached XP level 4. HP: 29/35 MP: 4/4
  1157 | D:2      | XOM: silly message
  1499 | D:2      | XOM: god gift: wand of charming (6)
  1513 | D:3      | Reached skill level 6 in Long Blades
  1648 | D:3      | Reached XP level 5. HP: 38/41 MP: 5/5
  1732 | D:3      | XOM: 1-stop teleportation journey
  1784 | D:3      | XOM: noise
  1798 | D:3      | XOM: 2-stop teleportation journey
  2067 | D:3      | Reached skill level 7 in Long Blades
  2160 | D:3      | XOM: silly message
  2528 | D:3      | Noticed Terence
  2824 | D:4      | XOM: divination: magic mapping
  2873 | D:4      | Learned a level 1 spell: Sting
  2939 | D:4      | Reached skill level 1 in Alchemy
  2939 | D:4      | Reached XP level 6. HP: 47/47 MP: 6/6
  2988 | D:4      | Found a faded altar of an unknown god.
  2988 | D:4      | Found the Hermit's Pendant {Faith Invo=14 Evo=0 MP+5}
  3027 | D:4      | XOM: silly message
  3178 | D:4      | XOM: potion effect (brilliance)
  3184 | D:4      | XOM: potion effect (invisibility)
  3191 | D:4      | Reached skill level 8 in Long Blades
  3191 | D:4      | Reached XP level 7. HP: 52/52 MP: 3/7
  3289 | D:4      | XOM: silly message
  3392 | D:5      | Entered Level 5 of the Dungeon
  3392 | D:5      | Noticed Duvessa
  3393 | D:5      | Noticed Dowan
  3403 | D:5      | XOM: smoke on damage
  3403 | D:5      | Noticed Edmund
  3477 | D:4      | XOM: noise
  3959 | D:5      | Killed Duvessa
  3960 | D:5      | Reached skill level 9 in Long Blades
  3967 | D:5      | Killed Dowan
  4089 | D:5      | Noticed Menkaure
  4159 | D:5      | Reached skill level 10 in Long Blades
  4433 | D:5      | XOM: god gift: scale mail {god gift}
  4519 | D:6      | Reached XP level 8. HP: 57/58 MP: 8/8
  4807 | D:6      | XOM: 2-stop teleportation journey
  4852 | D:6      | Reached skill level 1 in Conjurations
  5110 | D:6      | Found a stormy altar of Qazlal.
  5144 | D:6      | XOM: polymorph ice beast -> jackal
  5470 | D:6      | XOM: scenery: create altars
  5488 | D:6      | XOM: give mutations
  5488 | D:6      | Gained mutation: You have a pair of small horns on your
                  | head. [Xom's grace]
  5488 | D:6      | Gained mutation: You are partially covered in iridescent
                  | scales. (AC +2) [Xom's grace]
  5503 | D:6      | Found a runed translucent door.
  5504 | D:6      | Noticed Crazy Yiuf
  5554 | D:6      | XOM: scenery: 1 doors open
  5558 | D:6      | Killed Crazy Yiuf
  5606 | D:7      | Reached skill level 5 in Alchemy
  5634 | D:7      | Noticed Joseph
  5639 | D:7      | XOM: summons 8 friendly demons
  6044 | D:6      | XOM: silly message
  6173 | D:7      | XOM: cleaving
  6176 | D:7      | Shot with an arrow by a centaur

Illustrated notes

Levels and vault maps discovered:
D:1:      roderic_octagonal_star, layout_loops_ring, serial_aquarium,
          aquarium_bridge_long_joined [aquarium_subvault_wall,
          aquarium_subvault_window, aquarium_subvault_balcony,
          aquarium_subvault_bridge, aquarium_subvault_wall,
          aquarium_subvault_bridge], aquarium_bridge_square
          [aquarium_subvault_window, aquarium_subvault_window,
          aquarium_subvault_bridge, aquarium_subvault_balcony],
          aquarium_window_2, aquarium_window_3, aquarium_view_2d,
          aquarium_pool_2
D:2:      layout_basic, serial_shops, nicolae_shop_rolling_square
D:3:      layout_basic, uniq_terence
D:4:      layout_rooms, hellmonk_guarded_unrand_hermit
D:5:      layout_basic, grunt_temple_overflow_champion_of_chaos,
          nicolae_hexahallways, uniq_edmund, uniq_menkaure, uniq_duvessa
D:6:      layout_rooms, lemuel_tele_altar, uniq_crazy_yiuf_cottage
D:7:      nicolae_whirlpool, layout_loops_corners, temple_fountains,
          serial_bayou, serial_bayou_pond_d, serial_bayou_pond_e,
          serial_bayou_shore_b, serial_bayou_pond_d, uniq_joseph

Skill      XL: |  1  2  3  4  5  6  7  8 |
---------------+-------------------------+-----
Long Blades    | 4 5 6 7 8 10 | 10.8
Stealth        | 1 2 |  2.0
Alchemy        | 1 3 4 5 |  5.7
Conjurations   | 2 |  2.0
Fighting       | |  3.2
Armour         | |  0.6
Dodging        | |  2.6

Action                     |  1- 3 |  4- 6 |  7- 9 || total
---------------------------+-------+-------+-------++-------
  Melee: Falchion          |    98 |   117 |   120 ||   335
         Long sword        |       |       |    38 ||    38
         Headbutt          |       |       |     8 ||     8
  Throw: Dart              |       |     5 |     4 ||     9
   Cast: Sting             |       |     3 |    45 ||    48
  Evoke: Wand              |       |       |     4 ||     4
    Use: Scroll            |       |       |     4 ||     4
   Stab: Sleeping          |     1 |     4 |       ||     5
         Confused          |     1 |     1 |       ||     2
         Invisible         |       |     1 |       ||     1
         Paralysed         |       |       |     2 ||     2
         Held in net/web   |       |       |     1 ||     1
 Armour: Leather armour    |    40 |    55 |   105 ||   200
  Dodge: Dodged            |    71 |    82 |    99 ||   252

Table legend: (Time is in decaauts)
 A = Elapsed time spent in this place.
 B = Non-inter-level travel time spent in this place.
 C = Inter-level travel time spent in this place.
 D = Time resting spent in this place.
 E = Time spent auto-exploring this place.
 F = Levels seen in this place.
 G = Mean time per level.
                   A        B        C        D        E       F      G
               +--------+--------+--------+--------+--------+-----+--------+
         Total |   6154 |   5855 |    299 |    867 |   3981 |   7 |  879.1 |
       Dungeon |   6154 |   5855 |    299 |    867 |   3981 |   7 |  879.1 |
               +--------+--------+--------+--------+--------+-----+--------+

Top non-repeatable levels by time:
     D:6: 1445 daAuts
     D:3: 1237 daAuts
     D:5: 963 daAuts
     D:1: 885 daAuts
     D:4: 758 daAuts
     D:2: 625 daAuts
     D:7: 238 daAuts
